 Dungeon Crawl Stone Soup version 0.17.2 (webtiles) character file.

648 Goblin1989 the Covert (level 7, -4/34 HPs)
             Began as a Vine Stalker Assassin on May 27, 2016.
             Slain by a gnoll (7 damage)
             ... on level 7 of the Dungeon.
             The game lasted 00:15:25 (1173 turns).

Goblin1989 the Covert (Vine Stalker Assassin)       Turns: 1173, Time: 00:15:25

Health: -4/34      AC:  4    Str: 14    XL:     7   Next: 53%
Magic:  0/8        EV: 11    Int: 11    God:
Gold:   203        SH:  0    Dex: 17    Spells: 0 memorised, 6 levels left

rFire  . . .     SeeInvis .     a - +4 dagger
rCold  . . .     Clarity  .     c - +0 robe
rNeg   . . .     SustAt   .     (no shield)
rPois  .         Gourm    .     (no helmet)
rElec  .         Spirit   +     d - +0 cloak
rCorr  .         Warding  .     y - +0 pair of gloves (curse)
rMut   .         Stasis   .     (no boots)
MR     .....                    (no amulet)
Stlth  +++++.....               (no ring)
                                (no ring)

@: not resistant to hostile enchantments, quite stealthy
A: fangs 2, regeneration 2, magic shield, antimagic bite, no device heal 3, rot
immunity
a: no special abilities


You were on level 7 of the Dungeon.
You were near starving.

You visited 1 branch of the dungeon, and saw 7 of its levels.
You also visited: Sewer.

You collected 203 gold pieces.

Inventory:

Hand Weapons
 a - a +4 dagger (weapon)
 b - a +0 blowgun
 w - a +0 scythe
Missiles
 f - a curare-tipped needle
 h - 37 arrows
 r - 53 stones (quivered)
Armour
 c - a +0 robe (worn)
 d - a +0 cloak (worn)
 y - a cursed +0 pair of gloves (worn)
Wands
 C - a wand of slowing (12)
Scrolls
 j - a scroll of immolation {unknown}
 k - a scroll of amnesia
 l - a scroll of teleportation
 o - 2 scrolls of random uselessness {unknown}
 t - 3 scrolls of remove curse {unknown}
Potions
 i - a potion of cancellation {unknown}
 m - a potion of agility {unknown}
 n - a potion of poison {unknown}
 u - a potion of invisibility
 v - a potion of curing {unknown}
 x - 2 potions of mutation {unknown}
 z - a potion of haste {unknown}
 A - a potion of flight {unknown}
 B - a potion of might {unknown}
Comestibles
 g - 3 bread rations
 p - 3 meat rations
 q - a fruit
 s - a beef jerky


   Skills:
 - Level 1.7 Fighting
 * Level 4.0 Short Blades
 - Level 1.7 Throwing
 - Level 0.7 Dodging
 + Level 10.1 Stealth


You had 6 spell levels left.
You didn't know any spells.

Dungeon Overview and Level Annotations

Branches:
Dungeon (7/15)
 Temple: D:4-7

Altars:
Nemelex Xobeh


Innate Abilities, Weirdness & Mutations

You have extremely sharp teeth.
You heal very quickly.
When hurt, damage is shared between your health and your magic reserves.
Your bite disrupts and absorbs the magic of your enemies.
Potions and wands cannot restore your health.
You are immune to rotting.


Message History

The gnoll shaman seems to slow down.
The gnoll hits you from afar with a spear.
The gnoll hits you from afar with a spear!
a - a +4 dagger (weapon)
The gnoll barely misses you.
The gnoll hits you from afar with a spear.
The gnoll closely misses you.
The gnoll hits you from afar with a halberd!
The gnoll shaman hits you but does no damage.
The gnoll misses you. The gnoll closely misses you.
Found a scroll of identify.
You see here a club.
You hit the gnoll. The gnoll hits you with a spear.
* * * LOW HITPOINT WARNING * * *
The gnoll hits you from afar with a halberd!
* * * LOW HITPOINT WARNING * * *
You hit the gnoll.
You kill the gnoll!
The gnoll hits you!
You die...

## ########
...####### #......#
.........###......#
?...(.gg..........#
...(.g)@...##...####
...##.g....#<......#
...........>......#
....#..............#
... #.....##.......#
.. .....#?.........#
. ....[.#..........#
......#...<......#
.. #............


You could see a gnoll shaman and 3 gnolls.

Vanquished Creatures
  Sigmund (D:3)
  An ogre (D:3)
  The ghost of nublet the Conjurer, an amateur DrCj (D:3)
  A crocodile (Sewer)
  Ijyb (D:2)
  A crimson imp (D:6)
  A jelly (D:7)
  2 worker ants
  A hound skeleton (D:6)
  2 adders
  3 gnolls (D:7)
  A shadow imp (D:5)
  A worm (D:3)
  An orc (D:3)
  A ball python (D:3)
  A giant cockroach (D:3)
  3 hobgoblins
  5 kobolds
  A quokka (D:2)
  11 bats
  A giant gecko (D:3)
  14 goblins
  6 rats
61 creatures vanquished.

Notes
Turn   | Place    | Note
--------------------------------------------------------------
     0 | D:1      | Goblin1989 the Vine Stalker Assassin began the quest for the Orb.
     0 | D:1      | Reached XP level 1. HP: 11/11 MP: 2/2
    66 | D:2      | Reached skill level 5 in Stealth
    66 | D:2      | Reached XP level 2. HP: 5/15 MP: 3/3
    86 | D:2      | Noticed Ijyb
    92 | D:2      | Killed Ijyb
    92 | D:2      | Reached skill level 6 in Stealth
    92 | D:2      | Reached XP level 3. HP: 9/18 MP: 4/4
   134 | D:2      | Found a sparkling altar of Nemelex Xobeh.
   260 | D:3      | Reached XP level 4. HP: 7/23 MP: 2/5
   289 | D:3      | Reached skill level 7 in Stealth
   398 | D:3      | Found a glowing drain.
   425 | Sewer    | Entered a sewer
   456 | Sewer    | Noticed a crocodile
   466 | Sewer    | Killed a crocodile
   466 | Sewer    | Reached XP level 5. HP: 22/26 MP: 6/6
   657 | D:3      | Noticed Sigmund
   672 | D:3      | Noticed nublet's ghost (amateur DrCj)
   676 | D:3      | Killed Sigmund
   676 | D:3      | Reached skill level 8 in Stealth
   676 | D:3      | Gained mutation: You heal very quickly. [Vine Stalker growth]
   676 | D:3      | Reached XP level 6. HP: 17/30 MP: 7/7
   716 | D:3      | Noticed an ogre
   748 | D:3      | Killed an ogre
   748 | D:3      | Reached skill level 9 in Stealth
   748 | D:3      | Reached XP level 7. HP: 27/34 MP: 6/8
   800 | D:3      | Killed nublet's ghost
   867 | D:5      | Entered Level 5 of the Dungeon
  1132 | D:7      | Reached skill level 10 in Stealth
  1173 | D:7      | Slain by a gnoll

Action                   |  1- 3 |  4- 6 |  7- 9 || total
-------------------------+-------+-------+-------++-------
Melee: Dagger            |    47 |    85 |    26 ||   158
 Fire: Blowgun           |       |    17 |     7 ||    24
  Use: Scroll            |     3 |     1 |       ||     4
       Potion            |       |     1 |     1 ||     2
 Stab: Sleeping          |     3 |     4 |     4 ||    11
       Invisible         |       |       |     2 ||     2
